 Dungeon Crawl Stone Soup version 0.31-a0-1074-g0b22e4e0f1 (webtiles) character file.

Game seed: 3802981866855379142

439 BigPumpCobain the Ruffian (level 6, -4/49 (51) HPs)
             Began as a Draconian Shapeshifter on Dec 7, 2023.
             Slain by a wight
             ... wielding a +5 trident of freezing
              (5 damage)
             ... on level 5 of the Dungeon.
             The game lasted 00:06:35 (3832 turns).

BigPumpCobain the Ruffian (Draconian Shapeshifter)  Turns: 3832, Time: 00:06:36

HP:   -4/49 (51)    AC:  6    Str: 19    XL:     6   Next: 70%
MP:   6/6           EV: 12    Int: 10    God:
Gold: 190           SH:  0    Dex: 10    Spells: 5/5 levels left

rFire   . . .        k - +2 dagger (elec)
rCold   . . .        (no shield)
rNeg    . . .        (body armour unavailable)
rPois   .            (helmet currently unavailable)
rElec   .            (cloak currently unavailable)
rCorr   .            (gloves currently unavailable)
SInv    .            (boots currently unavailable)
Will    .....        (no amulet)
Stlth   +            (no ring)
HPRegen 0.28/turn    (no ring)
MPRegen 0.10/turn

%: no passive effects
@: beast-form, lightly drained
A: beast (slay +1), AC +6, unfitting armour, cold-blooded
a: Begin Untransformation


You were on level 5 of the Dungeon.
You were a hulking beast.
You visited 1 branch of the dungeon, and saw 5 of its levels.

You collected 190 gold pieces.

Inventory:

Hand Weapons
 k - a +2 dagger of electrocution (weapon)
Jewellery
 r - a ring of ice
Talismans
 b - a beast talisman
 c - a flux talisman
Scrolls
 d - a scroll of poison
 l - a scroll of enchant armour
 m - 3 scrolls of teleportation
 p - a scroll of blinking
Potions
 a - a potion of lignification
 e - a potion of cancellation {unknown}
 h - a potion of curing {unknown}
 j - 2 potions of invisibility {unknown}
 o - a potion of heal wounds {unknown}
 s - a potion of berserk rage {unknown}
 t - a potion of enlightenment {unknown}


   Skills:
 + Level 3.1 Fighting
 - Level 2.2 Dodging
 * Level 6.9 Unarmed Combat
 - Level 3.0 Shapeshifting


You had 5 spell levels left.
You didn't know any spells.
Your spell library contained the following spells:

 Spells                   Type           Power      Damage    Failure   Level
 Summon Guardian Golem    Hex/Summ       0%         N/A       75%         3
 Orb of Destruction       Conj           0%         9d5       100%        7
 Spellforged Servitor     Conj/Summ      0%         N/A       100%        7


Dungeon Overview and Level Annotations

Branches:
Dungeon (5/15)
 Temple: D:4-7

Altars:
Dithmenos
Makhleb
Sif Muna
Vehumet


Innate Abilities, Weirdness & Mutations

You are a hulking beast.
Your limbs bulge with bestial killing power. (Slay +1)
Your plain brown scales are hard. (AC +6)
You cannot fit into any form of body armour.
You are cold-blooded and may be slowed by cold attacks.


Message History

You hit the ogre. Lightning courses through the ogre!
The ogre is severely wounded.
A wight comes into view.
It is wielding a +5 trident of freezing.
You hit the ogre.
Your tail-slap misses the ogre.
The ogre is almost dead.
The ogre barely misses you.
A wight comes into view. It is wielding a +0 long sword.
You puncture the ogre!
You kill the ogre!
The wight hits you from afar with a +5 trident of freezing!
You feel yourself slow down. The wight freezes you.
Your Fighting skill increases to level 3!
The wight closely misses you.
Things that are here:
a +0 giant spiked club; an ogre corpse You hit the wight but do no damage.
You feel yourself speed up. The wight barely misses you.
The wight hits you from afar with a +1 vampiric spear.
The wight closely misses you. The wight completely misses you.
The wight barely misses you.
The wight hits you from afar with a +1 vampiric spear!
You feel drained.
The wight hits you with a +5 trident of freezing.
You feel yourself slow down. The wight freezes you.
* * * LOW HITPOINT WARNING * * *
The wight misses you. The wight closely misses you.
The wight attacks as it pursues you! The wight hits you with a +0 flail.
* * * LOW HITPOINT WARNING * * *
You feel yourself speed up. The wight attacks as it pursues you!
The wight hits you from afar with a +5 trident of freezing!
* * * LOW HITPOINT WARNING * * *
You feel yourself slow down. The wight freezes you.
* * * LOW HITPOINT WARNING * * *
You feel yourself speed up. The wight attacks as it pursues you!
The wight hits you from afar with a +5 trident of freezing.
You die...

...
#.###.#####+#
#....zz......
###
#####z##.....
#.##########z#
...
#..........#.#
.
#.########.#z#
#.#<# #...#.#
#.#.####...#h#
#.#........#.#
#.##########.#
#............#
##############


You could see 5 wights.

Vanquished Creatures
  An ice beast (D:3)
  An ogre (D:5)
  A scorpion (D:4)
  An orc priest (D:4)
  Robin (D:3)
  5 adders
  5 worms
  2 dart slugs
  3 orcs (D:4)
  8 ball pythons
  5 bats
  11 endoplasms
  5 giant cockroaches
  12 goblins
  14 hobgoblins
  7 kobolds
  2 quokkas
  3 frilled lizards
  5 rats
92 creatures vanquished.

Vanquished Creatures (others)
  An endoplasm (D:4)
1 creature vanquished.

Grand Total: 93 creatures vanquished

Notes
Turn   | Place    | Note
-------+----------+-------------------------------------------
     0 | D:1      | BigPumpCobain the Draconian Shapeshifter began the quest
                  | for the Orb.
     0 | D:1      | Reached XP level 1. HP: 16/16 MP: 1/1
   145 | D:1      | Reached XP level 2. HP: 22/23 MP: 2/2
   523 | D:1      | Reached XP level 3. HP: 26/29 MP: 3/3
   898 | D:2      | Reached skill level 4 in Unarmed Combat
  1017 | D:2      | Reached XP level 4. HP: 24/36 MP: 4/4
  1570 | D:3      | Identified the +3 helmet of Eternal Vigilance {Drain rPois
                  | Int+6 Dex+2}
  1570 | D:3      | Noticed Robin
  1581 | D:3      | Killed Robin
  1859 | D:3      | Noticed an ice beast
  1867 | D:3      | Killed an ice beast
  1868 | D:3      | Reached skill level 5 in Unarmed Combat
  1868 | D:3      | Reached XP level 5. HP: 30/41 MP: 5/5
  1995 | D:3      | Found a burning altar of Makhleb.
  1995 | D:3      | Found a shimmering blue altar of Sif Muna.
  2281 | D:3      | Reached skill level 6 in Unarmed Combat
  3073 | D:4      | Found a radiant altar of Vehumet.
  3239 | D:4      | Reached XP level 6. HP: 47/50 MP: 6/6
  3577 | D:4      | Found a shadowy altar of Dithmenos.
  3778 | D:5      | Entered Level 5 of the Dungeon
  3830 | D:5      | HP: 1/49 [wight/+5 trident of freezing (4)]
  3832 | D:5      | Slain by a wight

Illustrated notes

Levels and vault maps discovered:
D:1:      reono_arrival_mine, layout_basic
D:2:      layout_basic
D:3:      layout_basic, nicolae_overflow_two_pavilions, serial_rivers,
          chequers_serial_rivers_small_3, chequers_serial_rivers_small_3,
          chequers_serial_rivers_micro_d, chequers_serial_rivers_micro_d,
          chequers_serial_rivers_micro_a, chequers_serial_rivers_large_a,
          uniq_robin
D:4:      layout_cave_pools, fiery_altar_vehumet, overflow_temple_1_default,
          hangedman_abyss_or_decor_stabs, serial_bayou_pond_d,
          minmay_goblin_outpost
D:5:      layout_basic, okawaru_ov_weapons_minmay,
          mainiacjoe_overflow_cross_hatched, uniq_grinder

Skill      XL: |  1  2  3  4  5  6 |
---------------+-------------------+-----
Dodging        | 2 |  2.2
Fighting       | 2 3 |  3.1
Unarmed Combat | 4 5 6 |  6.9
Shapeshifting  | |  3.0

Action                     |  1- 3 |  4- 6 || total
---------------------------+-------+-------++-------
  Melee: Unarmed           |    98 |    33 ||   131
         Punch             |     3 |     7 ||    10
         Tailslap          |     7 |     9 ||    16
         Dagger            |       |   120 ||   120
    Use: Scroll            |       |     9 ||     9
   Stab: Sleeping          |     1 |       ||     1
 Armour: Skin              |    44 |    84 ||   128
  Dodge: Dodged            |    48 |   109 ||   157

Table legend: (Time is in decaauts)
 A = Elapsed time spent in this place.
 B = Non-inter-level travel time spent in this place.
 C = Inter-level travel time spent in this place.
 D = Time resting spent in this place.
 E = Time spent auto-exploring this place.
 F = Levels seen in this place.
 G = Mean time per level.
                   A        B        C        D        E       F      G
               +--------+--------+--------+--------+--------+-----+--------+
         Total |   3852 |   3728 |    124 |     63 |   2973 |   5 |  770.4 |
       Dungeon |   3852 |   3728 |    124 |     63 |   2973 |   5 |  770.4 |
               +--------+--------+--------+--------+--------+-----+--------+

Top non-repeatable levels by time:
     D:3: 1615 daAuts
     D:2: 769 daAuts
     D:4: 710 daAuts
     D:1: 700 daAuts
     D:5: 56 daAuts
